 Dungeon Crawl Stone Soup version 0.16.2-2-g470672f (webtiles) character file.

121 dvd the Poker (level 5, -3/39 HPs)
             Began as a Merfolk Gladiator on Aug 27, 2015.
             Slain by a sky beast (5 damage)
             ... on level 2 of the Dungeon.
             The game lasted 00:26:01 (1368 turns).

dvd the Poker (Merfolk Gladiator)                   Turns: 1368, Time: 00:26:01

Health: -3/39      AC:  4    Str: 21    XL:     5   Next: 5%
Magic:  5/5        EV: 14    Int:  7    God:
Gold:   82         SH:  0    Dex: 15    Spells: 0 memorised, 4 levels left

rFire  . . .     SeeInvis .     a - +1 trident
rCold  . . .     Clarity  .     s - +0 leather armour
rNeg   . . .     SustAb   .     (no shield)
rPois  .         Gourm    +     c - +0 helmet
rElec  .         Spirit   .     (no cloak)
rCorr  .         Warding  .     (no gloves)
rMut   .         Stasis   .     (no boots)
MR     .....                    e - amulet of the gourmand
Stlth  ++........               (no ring)
                                (no ring)

@: mighty, lethally poisoned (-3 -> -5), not resistant to hostile enchantments,
unstealthy
A: change form in water, swift swim
a: no special abilities


You were on level 2 of the Dungeon.
You were not hungry.

You visited 1 branch of the dungeon, and saw 2 of its levels.

You collected 82 gold pieces.

Inventory:

Hand weapons
 a - a +1 trident (weapon)
 d - a +0 halberd
 h - a +0 short sword
 n - a +0 spear
 q - a +0 dagger
 t - a +0 dagger of venom
Missiles
 g - 23 sling bullets
Armour
 b - a +0 leather armour
 c - a +0 helmet (worn)
 o - a +0 robe
 s - a +0 leather armour (worn)
Jewellery
 e - an amulet of the gourmand (around neck)
 m - an uncursed amulet of faith
Scrolls
 j - a scroll of blinking {unknown}
 l - a scroll of fear
 r - 2 scrolls of identify
Potions
 i - 2 potions of curing {unknown}
 k - 2 potions of might
 p - 2 potions of brilliance {unknown}
Comestibles
 f - a bread ration


   Skills:
 + Level 2.6 Fighting
 + Level 5.7 Polearms
 + Level 2.4 Throwing
 + Level 1.0 Armour
 + Level 5.2 Dodging
 + Level 1.2 Stealth


You had 4 spell levels left.
You didn't know any spells.

Dungeon Overview and Level Annotations

Branches:
Dungeon (2/15)

Altars:


Message History

You kill the rat!
You barely miss the giant cockroach.
You feel sick. The giant cockroach barely misses you.
You barely miss the giant cockroach.
The sky beast flickers out of sight!
The giant cockroach bites you but does no damage.
You hit the giant cockroach.
The giant cockroach is moderately wounded.
You feel sick. The giant cockroach barely misses you.
The giant cockroach misses you.
You hit the giant cockroach.
You kill the giant cockroach!
Something hits you. Something shocks you.
* * * LOW HITPOINT WARNING * * *
Drink which item? (? for menu, Esc to quit)
It was a potion of might.
You feel very mighty all of a sudden.
You feel sick. Something hits you.
* * * LOW HITPOINT WARNING * * *
Something shocks you.
You die...

.÷.......# .
#........# ..#
........######## ..#
........#......[#..#
........'w...l.!#..#
........#......!#..#
#.......#########..#
..####...# +...# ..#
#...# #@# ...#
##.{#######†# ...#
#...#.[.#Sg# ...#
#...##.##.## . .
##...#†#..#
#..§....##
##.....#....#
#####...#### #####


You could see an adder and a hobgoblin.

Vanquished Creatures
  4 adders (D:2)
  3 gnolls (D:2)
  A worm (D:2)
  3 giant geckos (D:2)
  6 goblins
  8 hobgoblins
  6 jackals
  A kobold (D:1)
  4 giant cockroaches
  3 giant newts
  9 rats
48 creatures vanquished.

Notes
Turn   | Place    | Note
--------------------------------------------------------------
     0 | D:1      | dvd, the Merfolk Gladiator, began the quest for the Orb.
     0 | D:1      | Reached XP level 1. HP: 16/16 MP: 1/1
    94 | D:1      | Reached XP level 2. HP: 22/22 MP: 2/2
   390 | D:1      | Reached skill level 5 in Polearms
   632 | D:2      | Reached XP level 3. HP: 27/27 MP: 3/3
   729 | D:2      | Reached XP level 4. HP: 12/34 MP: 4/4
  1309 | D:2      | Reached skill level 1 in Armour
  1309 | D:2      | Reached skill level 5 in Dodging
  1309 | D:2      | Reached skill level 1 in Stealth
  1339 | D:2      | Noticed a sky beast
  1355 | D:2      | Reached XP level 5. HP: 26/39 MP: 5/5
  1368 | D:2      | Slain by a sky beast

Action                   |  1- 3 |  4- 6 || total
-------------------------+-------+-------++-------
Melee: Trident           |    76 |    59 ||   135
Throw: Throwing net      |    14 |     2 ||    16
  Use: Scroll            |     3 |       ||     3
       Potion            |       |     1 ||     1
 Stab: Held in net/web   |     4 |     2 ||     6
       Sleeping          |       |     1 ||     1
  Eat: Chunk             |       |     8 ||     8
